 Dungeon Crawl Stone Soup version 0.30-a0-137-gd8773701ce (webtiles) character file.

Game seed: 13229387525249869074

792 NinjaNoafa the Schismatic (level 7, -9/61 HPs)
             Began as a Hill Orc Monk on Sept 21, 2022.
             Was an Elder of Lugonu.
             Mangled by an orange demon (10 damage)
             ... summoned by Lugonu's corruption
             ... on level 5 of the Dungeon.
             The game lasted 00:13:14 (4532 turns).

NinjaNoafa the Schismatic (Hill Orc Monk)           Turns: 4532, Time: 00:13:15

Health: -9/61      AC:  6    Str: 20    XL:     7   Next: 88%
Magic:  1/12       EV: 10    Int:  9    God:    Lugonu [****..]
Gold:   633        SH:  0    Dex: 12    Spells: 12/12 levels left

rFire   + . .      SeeInvis .    n - +0 war axe
rCold   . . .      Faith    .    (no shield)
rNeg    . . .      Spirit   .    q - +0 scale mail
rPois   +          Reflect  .    (no helmet)
rElec   .          Harm     .    (no cloak)
rCorr   .          Rampage  .    (no gloves)
Will    .....                    (no boots)
Stlth   ..........               m - amulet of regeneration
HPRegen 1.00/turn                l - ring of protection from fire
MPRegen 0.13/turn                c - ring of poison resistance

@: lethally poisoned (-9 -> -10), flying
A: fangs 1, strong 1
a: Renounce Religion, Depart the Abyss, Bend Space, Banish, Corrupt


You were on level 5 of the Dungeon.
You worshipped Lugonu.
Lugonu was greatly pleased with you.
You visited 1 branch of the dungeon, and saw 5 of its levels.
You also visited: Sewer and Ossuary.

You collected 633 gold pieces.

Inventory:

Hand Weapons
 n - a +0 war axe (weapon)
Missiles
 b - a boomerang
 d - 51 stones
 f - a curare-tipped dart
 o - 17 poisoned darts (quivered)
Armour
 q - a +0 scale mail (worn)
Jewellery
 c - a ring of poison resistance (right hand)
 l - a ring of protection from fire (left hand)
 m - an amulet of regeneration (around neck)
Wands
 a - a wand of paralysis (7)
Scrolls
 j - a scroll of amnesia
Potions
 e - a potion of flight
 i - a potion of brilliance


   Skills:
 + Level 5.1 Fighting
 - Level 5.0 Axes
 - Level 3.0 Armour
 - Level 2.4 Dodging
 - Level 1.5 Stealth
 - Level 3.0 Spellcasting
 + Level 7.1 Invocations


You had 12 spell levels left.
You didn't know any spells.
Your spell library contained the following spells:

 Spells                   Type           Power      Damage    Failure   Level
 Beastly Appendage        Tmut           2%         N/A       63%         1
 Cigotuvi's Dreadful Rot  Necr/Pois/Air  2%         N/A       77%         2
 Poisonous Vapours        Pois/Air       2%         N/A       77%         2
 Wereblood                Tmut           1%         N/A       77%         2
 Spider Form              Tmut/Pois      1%         N/A       94%         3


Dungeon Overview and Level Annotations

Branches:
Dungeon (5/15)              Sewer (visited)         Ossuary (visited)
 Temple: D:4-7

Altars:
Cheibriados
Qazlal
Xom
Lugonu

Annotations:
D:2 1 runed translucent door, Crazy Yiuf
D:5 corrupted


Innate Abilities, Weirdness & Mutations

You have very sharp teeth.
Your muscles are strong. (Str +4, Int/Dex -1)


Message History

* * * LOW HITPOINT WARNING * * *
You feel very sick.
The smoke demon barely misses the water moccasin.
The smoke demon misses the water moccasin.
The smoke demon hits the water moccasin.
The efreet hits the phantom with a +4 scimitar of flaming!!
The efreet burns the phantom.
The orange demon closely misses the water moccasin.
A tentacle flies out from the starspawn's body!
The water moccasin bites you but does no damage.
A starspawn tentacle comes into view.
* * * LOW HITPOINT WARNING * * *
You feel very sick. The water moccasin barely misses you.
The phantom hits the efreet.
The small abomination hits the phantom!
The phantom is destroyed!
The smoke demon gestures at the water moccasin.
The sticky flame hits the water moccasin.
The water moccasin is covered in liquid flames!
The orange demon barely misses the water moccasin.
You feel very buoyant.
You fly up into the air.
* * * LOW HITPOINT WARNING * * *
You feel sick.
The water moccasin burns!
The worldbinder calls forth creatures from the Crypt!
The water moccasin bites the smoke demon but does no damage.
Something misses the water moccasin.
The orange demon stings the water moccasin from afar.
The water moccasin dies!
The tentacled starspawn is engulfed in blazing flames.
Training target 3.0 for Spellcasting reached!
Your Spellcasting skill increases to level 3!
Your Invocations skill increases to level 7!
A starspawn tentacle comes into view.
Press: ? - help, Shift-Dir - straight line, f - smoke demon
Aim: a smoke demon (summoned, wandering, indifferent, chance to affect: 53%)
The smoke demon is devoured by a tear in reality.
* * * LOW HITPOINT WARNING * * *
You feel sick. The orange demon stings you!
You die...

#########
#......<.
#.#####.##
.#.#####w.#####.
#..#...5Xw......
.3#.###x#####.#
#..Z.##4#
#..#.#Z@#
#...#xRh#.#
#.#####x.5# #.
X..#..# #
.##..### #. ##3
## ##


You could see 2 neutral tentacled starspawn, a neutral orange demon (summoned,
wandering), a neutral worldbinder (summoned, wandering), a neutral efreet
(summoned, wandering), a neutral raiju (summoned, wandering), 2 neutral small
abominations, 2 neutral starspawn tentacles, a neutral quasit (summoned,
wandering), a neutral ufetubus (summoned, wandering) and a neutral caustic
shrike skeleton (summoned, wandering).

Vanquished Creatures
  An ogre (D:4)
  2 kobold brigands (Sewer)
  A scorpion (D:5)
  3 hounds (D:4)
  An orc priest (D:4)
  A gnoll bouda (D:4)
  An iguana (D:4)
  2 orc wizards (D:4)
  3 adders
  A dart slug (D:1)
  11 orcs
  11 endoplasms
  7 giant cockroaches
  4 goblins
  6 hobgoblins
  10 jackals
  15 kobolds
  2 quokkas (D:1)
  8 ball pythons
  5 bats
  4 frilled lizards
  5 rats
104 creatures vanquished.

Vanquished Creatures (others)
  A water moccasin (D:5)
  A phantom (D:5)
2 creatures vanquished.

Grand Total: 106 creatures vanquished

Notes
Turn   | Place    | Note
-------+----------+-------------------------------------------
     0 | D:1      | NinjaNoafa the Hill Orc Monk began the quest for the Orb.
     0 | D:1      | Reached XP level 1. HP: 19/19 MP: 1/1
   252 | D:1      | Found a faded altar of an unknown god.
   266 | D:1      | Prayed at the altar of an unknown god.
   266 | D:1      | Became a worshipper of Lugonu the Unformed
   266 | D:1      | Reached * piety under Lugonu
   266 | D:1      | Reached ** piety under Lugonu
   266 | D:1      | Reached *** piety under Lugonu
   407 | D:1      | Reached XP level 2. HP: 23/27 MP: 2/2
   650 | D:1      | Reached skill level 1 in Armour
   761 | D:1      | Reached skill level 1 in Invocations
   772 | D:1      | Reached **** piety under Lugonu
   773 | D:1      | Reached XP level 3. HP: 17/33 MP: 3/3
  1911 | D:2      | Reached XP level 4. HP: 40/40 MP: 5/5
  2218 | D:2      | Found a runed translucent door.
  2219 | D:2      | Noticed Crazy Yiuf
  2531 | D:3      | Reached skill level 1 in Spellcasting
  2538 | D:3      | Found a snail-covered altar of Cheibriados.
  2538 | D:3      | Found a shimmering altar of Xom.
  3186 | D:4      | Found a sand-covered staircase.
  3192 | Ossuary  | Entered an ossuary
  3220 | Ossuary  | Gained mutation: You have very sharp teeth. [potion of
                  | mutation]
  3220 | Ossuary  | Gained mutation: Your muscles are strong. (Str +4, Int/Dex
                  | -1) [potion of mutation]
  3249 | D:4      | Reached skill level 5 in Axes
  3249 | D:4      | Reached skill level 2 in Invocations
  3249 | D:4      | Reached XP level 5. HP: 30/47 MP: 6/6
  3331 | D:4      | Found a glowing drain.
  3358 | Sewer    | Entered a sewer
  3416 | Sewer    | Noticed a kobold brigand
  3442 | Sewer    | Killed a kobold brigand
  3443 | Sewer    | Reached skill level 5 in Fighting
  3443 | Sewer    | Reached skill level 3 in Invocations
  3443 | Sewer    | Reached XP level 6. HP: 48/56 MP: 6/8
  3490 | Sewer    | Reached ***** piety under Lugonu
  3491 | Sewer    | Reached skill level 4 in Invocations
  3545 | Sewer    | Found a white marble altar of Elyvilon.
  3666 | D:4      | Reached skill level 5 in Invocations
  3815 | D:4      | Noticed a black bear
  3832 | D:4      | Banished a black bear
  3846 | D:4      | Reached XP level 7. HP: 31/61 MP: 3/11
  4004 | D:4      | Reached skill level 6 in Invocations
  4297 | D:4      | Found a stormy altar of Qazlal.
  4486 | D:5      | Entered Level 5 of the Dungeon
  4528 | D:5      | Corrupted D:5
  4528 | D:5      | Noticed a raiju
  4528 | D:5      | Noticed a caustic shrike skeleton
  4528 | D:5      | Noticed an orange demon
  4528 | D:5      | Noticed a small abomination
  4528 | D:5      | Noticed a neqoxec
  4528 | D:5      | Noticed a ynoxinul
  4528 | D:5      | Noticed an efreet
  4528 | D:5      | Noticed a smoke demon
  4528 | D:5      | Noticed a worldbinder
  4528 | D:5      | Noticed a tentacled starspawn
  4528 | D:5      | Noticed a tentacled starspawn
  4530 | D:5      | HP: 2/61 [poisoned by a water moccasin]
  4532 | D:5      | Reached skill level 7 in Invocations
  4532 | D:5      | Noticed a small abomination
  4532 | D:5      | Mangled by an orange demon

Illustrated notes

Levels and vault maps discovered:
D:1:      ebering_hopf_link, layout_loops_corners,
          shapermc_ecumenical_altar_pompeii
D:2:      layout_rooms, uniq_crazy_yiuf_cottage
D:3:      layout_loops_ring, gammafunk_temple_overflow_elements,
          nicolae_figureground_pulse
D:4:      minmay_polygon_palace, layout_basic, nicolae_qazlal_general_emergency,
          nicolae_ossuary_entry_false_entrances, portal_sewer_entry_d
D:5:      layout_loops_corners, minmay_temple_entry_nine_rooms

Skill      XL: |  1  2  3  4  5  6  7 |
---------------+----------------------+-----
Armour         | 1 2 3 |  3.0
Fighting       | 4 5 |  5.1
Invocations    | 1 2 3 5 7 |  7.1
Spellcasting   | 1 3 |  3.0
Axes           | 5 |  5.0
Dodging        | |  2.4
Stealth        | |  1.5

Action                   |  1- 3 |  4- 6 |  7- 9 || total
-------------------------+-------+-------+-------++-------
Melee: Hand axe          |   172 |   158 |       ||   330
       Bite              |       |    10 |     8 ||    18
       Punch             |       |     2 |       ||     2
       War axe           |       |    23 |    64 ||    87
       Whip              |       |     3 |       ||     3
Throw: Dart              |       |     2 |       ||     2
Invok: Banish            |       |     2 |     1 ||     3
       Corrupt           |       |       |     1 ||     1
  Use: Potion            |       |     8 |     2 ||    10
       Scroll            |       |     4 |     1 ||     5
 Stab: Sleeping          |     2 |       |       ||     2
Armor: Robe              |    28 |       |       ||    28
       Ring mail         |    35 |    19 |       ||    54
       Scale mail        |       |    69 |    34 ||   103
Dodge: Dodged            |   129 |   132 |    51 ||   312

Table legend: (Time is in decaauts)
 A = Elapsed time spent in this place.
 B = Non-inter-level travel time spent in this place.
 C = Inter-level travel time spent in this place.
 D = Time resting spent in this place.
 E = Time spent auto-exploring this place.
 F = Levels seen in this place.
 G = Mean time per level.
                   A        B        C        D        E       F      G
               +--------+--------+--------+--------+--------+-----+--------+
         Total |   4606 |   4439 |    167 |      0 |   3383 |   7 |  658.0 |
       Dungeon |   4312 |   4145 |    167 |      0 |   3221 |   5 |  862.4 |
         Sewer |    256 |    256 |      0 |      0 |    151 |   1 |  256.0 |
       Ossuary |     36 |     36 |      0 |      0 |     11 |   1 |   36.0 |
               +--------+--------+--------+--------+--------+-----+--------+

Top non-repeatable levels by time:
     D:1: 1680 daAuts
     D:4: 1072 daAuts
     D:3: 926 daAuts
     D:2: 582 daAuts
   Sewer: 256 daAuts
     D:5: 50 daAuts
 Ossuary: 36 daAuts
